 Dungeon Crawl Stone Soup version 0.30-a0-1116-gebefce21f7 (webtiles) character file.

Game seed: 12441802551979154794

6862 Lobster4 the Magician (level 10, -3/58 HPs)
             Began as a Deep Elf Conjurer on Apr 22, 2023.
             Was a Believer of Vehumet.
             Slain by a shadow (24 damage)
             ... on level 10 of the Dungeon.
             The game lasted 00:50:09 (15035 turns).

Lobster4 the Magician (Deep Elf Conjurer)          Turns: 15035, Time: 00:50:09

Health: -3/58      AC:  9    Str:  8    XL:     10   Next: 78%
Magic:  19/32      EV: 15    Int: 24    God:    Vehumet [**....]
Gold:   622        SH:  0    Dex: 13    Spells: 11/24 levels left

rFire   . . .      SeeInvis .    D - staff of conjuration
rCold   . . .      Faith    .    (no shield)
rNeg    . . .      Spirit   .    W - +0 steam dragon scales
rPois   +          Reflect  .    O - +0 helmet
rElec   .          Rampage  .    V - +0 cloak
rCorr   .                        d - +0 pair of gloves
Will    +....                    (no boots)
Stlth   +++                      (no amulet)
HPRegen 0.29/turn                f - ring of poison resistance
MPRegen 0.23/turn                H - ring of magical power

@: no status effects
A: no striking features
a: Renounce Religion


You were on level 10 of the Dungeon.
You worshipped Vehumet.
Vehumet was pleased with you.
You visited 2 branches of the dungeon, and saw 11 of its levels.
You also visited: Ossuary and Bailey.

You collected 752 gold pieces.
You spent 130 gold pieces at shops.

Inventory:

Hand Weapons
 a - the +9 dagger "Cuefaris" {drain, *Rage rPois rC+ rN+}
   (You found it on level 3 of the Dungeon)

   rC:        It protects you from cold.
   rPois:     It protects you from poison.
   rN:        It protects you from negative energy.
   *Rage:     It berserks you when you make melee attacks (+20% chance).
 b - a +0 sling
 i - a +0 short sword
 u - a +0 dagger
 U - a +2 short sword of venom
Missiles
 j - 2 throwing nets
 k - 46 poisoned darts (quivered)
 P - 8 boomerangs
 Q - 17 javelins
 R - 2 boomerangs of dispersal
 T - 2 atropa-tipped darts
Armour
 d - a +0 pair of gloves (worn)
 h - the +1 ring mail "Goneow" {Int+3 SInv}
   (You found it on level 3 of the Dungeon)

   Int:       It affects your intelligence (+3).
   SInv:      It lets you see invisible.
 t - a +3 leather armour of fire resistance
 O - a +0 helmet (worn)
 V - a +0 cloak (worn)
 W - +0 steam dragon scales (worn)
Magical Staves
 D - a staff of conjuration (weapon)
 E - a staff of fire
Jewellery
 f - a ring of poison resistance (left hand)
 m - an amulet of guardian spirit
 H - a ring of magical power (right hand)
Wands
 F - a wand of acid (9)
 J - a wand of roots (2)
 L - a wand of paralysis (7)
 N - a wand of digging (8)
Scrolls
 l - 6 scrolls of teleportation
 p - 2 scrolls of immolation
 r - 2 scrolls of magic mapping
 v - a scroll of fear
 w - a scroll of fog
 x - 2 scrolls of enchant armour {unknown}
 y - a scroll of brand weapon {unknown}
 C - a scroll of vulnerability {unknown}
 K - 2 scrolls of blinking {unknown}
 S - a scroll of acquirement
Potions
 c - 5 potions of haste
 e - 4 potions of mutation
 g - 8 potions of curing
 n - 4 potions of ambrosia
 o - 4 potions of heal wounds
 q - 2 potions of flight
 s - a potion of magic
 z - 2 potions of invisibility
 A - 4 potions of resistance
 B - a potion of cancellation
 G - 2 potions of lignification
 I - a potion of might
 M - 4 potions of brilliance {unknown}
 X - 2 potions of degeneration {unknown}


   Skills:
 + Level 4.5 Fighting
 - Level 2.0 Short Blades
 - Level 5.0 Ranged Weapons
 - Level 3.0 Throwing
 + Level 4.5 Armour
 + Level 7.2 Dodging
 - Level 5.0 Stealth
 + Level 7.9 Spellcasting
 + Level 7.6 Conjurations
 - Level 6.0 Hexes
 - Level 5.0 Translocations
 + Level 4.4 Earth Magic
 - Level 3.0 Evocations


You had 11 spell levels left.
You knew the following spells:

 Your Spells              Type           Power      Damage    Failure   Level
a - Magic Dart            Conj           100%       1d8       1%          1
b - Searing Ray           Conj           100%       2d8       1%          2
c - Slow                  Hex            100%       N/A       1%          1
d - Iskenderun's Mystic   Conj/Tloc      56%        2d12      4%          4
e - Sandblast             Erth           60%        2d14      1%          1
f - Fulminant Prism       Conj/Hex       29%        3d14      4%          4

Your spell library contained the following spells:

 Spells                   Type           Power      Damage    Failure   Level
 Momentum Strike          Conj/Tloc      100%       3d10      1%          2
 Confusing Touch          Hex            38%        N/A       1%          3
 Dazzling Flash           Conj/Hex       100%       N/A       1%          3
 Portal Projectile        Hex/Tloc       70%        N/A       1%          3
 Leda's Liquefaction      Hex/Erth       17%        N/A       8%          4
 Call Canine Familiar     Summ           9%         N/A       21%         3
 Vampiric Draining        Necr           9%         2d6       21%         3


Dungeon Overview and Level Annotations

Branches:
Dungeon (10/15)            Temple (1/1) D:5            Lair (0/5) D:9
Ossuary (visited)          Bailey (visited)
    Orc: D:9-12

Altars:
Ashenzari
Cheibriados
Dithmenos
Fedhas
Gozag
Hepliaklqana
Kikubaaqudgha
Makhleb
Nemelex Xobeh
Okawaru
Ru
Sif Muna
Trog
Uskayaw
Vehumet
Yredelemnul
Zin

Shops:
D:2 ?   D:4 *   D:10 *

Annotations:
D:6 3 runed translucent doors, fortdeath9's ghost, novice MiFi


Message History

The searing ray hits the troll.
The troll is severely wounded.
You finish channelling your searing ray.
The shadow slips into darkness.
The shadow flickers and vanishes!
Deactivating autopickup; reactivate with Ctrl-A.
The troll barely misses you. The troll claws you!
The troll claws you but does no damage.
Casting: Searing Ray (safe; 1% risk of failure)
Confirm with . or Enter, or press ? or * to list all spells.
Aiming: Searing Ray (safe; 1% risk of failure)
Press: ? - help, Shift-Dir - straight line, f/p - troll
Aim: a troll (severely wounded, 83% to hit)
You feel a surge of power!
The searing ray hits the troll!
The troll is severely wounded. (Press . to maintain the ray.)
The troll bites you. The troll claws you! The troll claws you.
The searing ray misses the troll.
The troll bites you but does no damage. The troll claws you.
The troll claws you but does no damage.
The searing ray hits the troll but does no damage.
The troll is severely wounded.
The troll barely misses you. The troll closely misses you. The troll claws you!
The searing ray hits the troll.
The troll is severely wounded.
You finish channelling your searing ray.
The troll barely misses you. The troll claws you. The troll barely misses you.
Casting: Searing Ray (safe; 1% risk of failure)
Confirm with . or Enter, or press ? or * to list all spells.
Aiming: Searing Ray (safe; 1% risk of failure)
Press: ? - help, Shift-Dir - straight line, f/p - troll
Aim: a troll (severely wounded, 83% to hit)
You feel a surge of power!
The searing ray hits the troll!
You kill the troll!
Vehumet accepts your kill.
The troll leather armour is intact enough to wear.
The searing ray hits something! (Press . to maintain the ray.)
The searing ray hits something!
The shadow strikes at you from the darkness!
You die...

########################
........................
#............###.......
#......####..# #.......
#......####..###.......
#....[@................
......############......
..... #...... ....
#...... ##+ #......
#...... #...... #......
#......


There were no monsters in sight!

Vanquished Creatures
  2 kobold demonologists (D:8)
  2 trolls
  A wyvern (D:9)
  A shadow (D:8)
  3 steam dragons (D:8)
  Eustachio (D:4)
  5 water moccasins
  Pargi (D:4)
  A black bear (D:4)
  3 sky beasts
  13 orc warriors
  4 ogres
  11 centaurs
  A phantom (D:4)
  2 kobold brigands (D:8)
  2 bullfrogs
  A scorpion (D:5)
  3 killer bees (D:9)
  2 howler monkeys
  2 hounds (D:4)
  2 jellies (D:6)
  Crazy Yiuf (D:7)
  5 orc priests
  3 sleepcaps
  Ijyb (D:5)
  5 iguanas
  An orc wizard (D:8)
  11 mummies (Ossuary)
  16 gnolls
  6 adders
  A white imp (D:8)
  An ufetubus (D:5)
  3 worms
  4 dart slugs
  44 orcs
  A bat (D:2)
  4 endoplasms
  5 giant cockroaches
  17 goblins
  9 hobgoblins
  3 jackals (D:2)
  6 quokkas
  6 ball pythons
  7 frilled lizards
  3 gnoll skeletons (Ossuary)
  3 goblin skeletons (Ossuary)
  17 kobolds
  2 orc skeletons (Ossuary)
  6 rats (D:1)
  11 rat skeletons (Ossuary)
  A spectral hobgoblin (D:9)
266 creatures vanquished.

Vanquished Creatures (others)
  2 fungi (D:8)
  19 plants
21 creatures vanquished.

Grand Total: 287 creatures vanquished

Notes
Turn   | Place    | Note
-------+----------+-------------------------------------------
     0 | D:1      | Lobster4 the Deep Elf Conjurer began the quest for the Orb.
     0 | D:1      | Reached XP level 1. HP: 10/10 MP: 6/6
   144 | D:1      | You fall into a shaft and drop 1 floor!
   230 | D:2      | Reached XP level 2. HP: 15/15 MP: 5/8
   238 | D:2      | Learned a level 2 spell: Searing Ray
   285 | D:2      | Learned a level 1 spell: Slow
   435 | D:2      | Found Jaleych's Magic Scroll Boutique.
   464 | D:2      | Reached XP level 3. HP: 20/20 MP: 3/9
   539 | D:2      | Bought a scroll of noise for 12 gold pieces
   553 | D:2      | Bought a scroll of teleportation for 36 gold pieces
   553 | D:2      | Bought a scroll of identify for 24 gold pieces
   706 | D:1      | Reached skill level 1 in Hexes
   963 | D:1      | Reached skill level 1 in Fighting
  1078 | D:1      | Reached XP level 4. HP: 25/25 MP: 3/11
  1497 | D:2      | Reached skill level 1 in Short Blades
  1921 | D:2      | Found a faded altar of an unknown god.
  2018 | D:2      | Found a basalt altar of Yredelemnul.
  2508 | D:3      | Found a burning altar of Makhleb.
  2620 | D:3      | Identified the +9 dagger "Cuefaris" {drain, *Rage rPois rC+
                  | rN+}
  2664 | D:3      | Found a bloodstained altar of Trog.
  2847 | D:3      | Identified the +1 ring mail "Goneow" {Int+3 SInv}
  2978 | D:3      | Reached skill level 1 in Armour
  2978 | D:3      | Reached XP level 5. HP: 29/29 MP: 8/12
  3453 | D:4      | Found Nemyiw's Elemental Accessories.
  3458 | D:4      | Noticed Eustachio
  3481 | D:4      | Found a sand-covered staircase.
  3485 | Ossuary  | Entered an ossuary
  3492 | Ossuary  | Learned a level 4 spell: Iskenderun's Mystic Blast
  3953 | Ossuary  | Reached skill level 1 in Throwing
  4111 | Ossuary  | Reached skill level 1 in Ranged Weapons
  4111 | Ossuary  | Reached XP level 6. HP: 34/34 MP: 10/14
  4278 | Ossuary  | Reached skill level 5 in Conjurations
  4437 | D:4      | Noticed Pargi
  4438 | D:4      | Reached skill level 1 in Translocations
  4780 | D:4      | Noticed a sky beast
  4797 | D:4      | Reached XP level 7. HP: 39/39 MP: 10/15
  4885 | D:4      | Identified the +1 mace "Utixt" {antimagic, rPois Str+4
                  | Int-5}
  5438 | D:4      | Killed Pargi
  5797 | D:4      | Reached XP level 8. HP: 44/44 MP: 9/17
  5914 | D:4      | Killed Eustachio
  5915 | D:4      | Reached skill level 1 in Evocations
  6202 | D:4      | Reached skill level 5 in Spellcasting
  6394 | D:2      | Bought a scroll of identify for 24 gold pieces
  6564 | D:5      | Entered Level 5 of the Dungeon
  7084 | D:5      | Found a snail-covered altar of Cheibriados.
  7131 | D:5      | Reached skill level 5 in Stealth
  7323 | D:5      | Found a staircase to the Ecumenical Temple.
  7344 | Temple   | Entered the Ecumenical Temple
  7371 | Temple   | Became a worshipper of Vehumet
  7643 | D:5      | Noticed Ijyb
  7649 | D:5      | Killed Ijyb
  7873 | D:5      | Found a shimmering blue altar of Sif Muna.
  7874 | D:5      | Found a broken altar of Ashenzari.
  7875 | D:5      | Found a blossoming altar of Fedhas.
  7985 | D:6      | Reached skill level 5 in Dodging
  8254 | D:6      | Found a glowing silver altar of Zin.
  8494 | D:6      | Found a shadowy altar of Dithmenos.
  8786 | D:6      | Found a runed translucent gate.
  8786 | D:6      | Found a runed translucent gate.
  8786 | D:6      | Found a runed translucent gate.
  8787 | D:6      | Noticed fortdeath9's ghost (novice MiFi)
  9111 | D:7      | Reached XP level 9. HP: 49/49 MP: 11/19
  9150 | D:7      | Found a flagged portal.
  9199 | Bailey   | Entered a bailey
  9225 | Bailey   | Reached * piety under Vehumet
  9225 | Bailey   | Offered knowledge of Sandblast by Vehumet.
  9701 | Bailey   | Reached skill level 1 in Earth Magic
  9941 | Bailey   | Reached skill level 5 in Hexes
 10017 | Bailey   | Learned a level 1 spell: Sandblast
 10284 | Bailey   | Learned a level 4 spell: Fulminant Prism
 11151 | Bailey   | HP: 3/76 [centaur/+0 spear (4)]
 11703 | D:7      | Found a runed translucent door.
 11704 | D:7      | Noticed Crazy Yiuf
 12025 | D:7      | Reached XP level 10. HP: 56/56 MP: 22/22
 12686 | D:7      | Killed Crazy Yiuf
 13166 | D:8      | Found a hide-covered altar of Uskayaw.
 13233 | D:8      | Reached skill level 5 in Ranged Weapons
 13842 | D:8      | Found a sacrificial altar of Ru.
 13993 | D:9      | Found a sparkling altar of Nemelex Xobeh.
 14062 | D:9      | Reached skill level 5 in Translocations
 14210 | D:9      | Offered knowledge of Momentum Strike by Vehumet.
 14349 | D:9      | Reached ** piety under Vehumet
 14470 | D:9      | Found a staircase to the Lair.
 14838 | D:9      | Found a hazy altar of Hepliaklqana.
 14964 | D:10     | Entered Level 10 of the Dungeon
 14973 | D:10     | Found Otaxone's General Store.
 14980 | D:10     | Bought a scroll of identify for 34 gold pieces
 15035 | D:10     | Slain by a shadow

Illustrated notes

Levels and vault maps discovered:
D:1:      minmay_arrival_wavy_path, layout_basic, dreamdust_mushroom_princess,
          lexackson_kobold_supper
D:2:      layout_loops_corners, serial_shops, nicolae_shop_tiny_glass,
          shapermc_ecumenical_altar_notcrosses, basic_altar
D:3:      layout_basic, trog_hazing_becter, mainiacjoe_overflow_boulevard,
          serial_rivers, chequers_serial_rivers_micro_c,
          chequers_serial_rivers_small_a, chequers_serial_rivers_large_a,
          chequers_serial_rivers_micro_e, chequers_serial_rivers_micro_e,
          chequers_serial_rivers_micro_c, guppyfry_early_lair_pool
D:4:      layout_basic, enter_ossuary_5, nicolae_elemental_shop,
          minmay_three_crescents, uniq_eustachio, uniq_pargi
D:5:      layout_loops_ring, lemuel_crystal_altar,
          chequers_temple_overflow_statue_of_worship,
          minmay_temple_entry_statues_pillars, grunt_ministairs_8, uniq_ijyb
D:6:      layout_loops_corners, mainiacjoe_overflow_cross_hatched,
          nicolae_overflow_crystal_walls, ebering_ghost_rock_garden,
          minmay_misc_feat_plants, hangedman_abyss_or_decor_lesser_grid,
          st_stairs_13
D:7:      layout_basic, enter_bailey_5, uniq_crazy_yiuf_cottage
D:8:      layout_loops_ring, lemuel_coloured_pillars_altar,
          nicolae_ru_the_path_less_chosen
D:9:      layout_small_grid, nicolae_hepliaklqana_monster_ancestors,
          nemelex_xobeh_ov_fountains_minmay, lair_entry_dummy
D:10:     layout_stronghold, serial_shops, shop,
          nicolae_shop_tiny_real_fake_doors, shop, kennysheep_generic_room_10
Temple:   eino_wide_crystal_templ

Skill      XL: |  1  2  3  4  5  6  7  8  9 10 |
---------------+-------------------------------+-----
Stealth        | 3 4 5 |  5.0
Hexes          | 1 2 3 4 5 6 |  6.0
Fighting       | 1 2 3 4 |  4.5
Dodging        | 3 4 5 6 7 |  7.2
Short Blades   | 1 2 |  2.0
Armour         | 1 2 3 4 |  4.5
Throwing       | 1 2 3 |  3.0
Spellcasting   | 4 5 6 7 |  7.9
Ranged Weapons | 1 2 3 4 5 |  5.0
Conjurations   | 5 6 7 |  7.6
Translocations | 1 2 3 4 5 |  5.0
Evocations     | 2 3 |  3.0
Earth Magic    | 2 4 |  4.4

Action                     |  1- 3 |  4- 6 |  7- 9 | 10-12 || total
---------------------------+-------+-------+-------+-------++-------
  Melee: Dagger            |       |       |    10 |     6 ||    16
         Staff             |       |       |    21 |       ||    21
   Fire: Sling             |       |       |    53 |       ||    53
  Throw: Dart              |       |     4 |    31 |     2 ||    37
         Throwing net      |       |       |     3 |       ||     3
   Cast: Magic Dart        |    54 |    68 |   141 |    41 ||   304
         Searing Ray       |     1 |    34 |    73 |    43 ||   151
         Slow              |       |     5 |    25 |    12 ||    42
  Evoke: Wand              |       |       |     4 |       ||     4
    Use: Scroll            |     1 |     7 |     9 |     3 ||    20
         Potion            |       |       |     1 |       ||     1
   Stab: Sleeping          |       |       |     4 |     1 ||     5
 Armour: Robe              |       |       |     4 |       ||     4
         Leather armour    |       |       |    31 |     5 ||    36
         Steam dragon scal |       |       |       |    16 ||    16
  Dodge: Dodged            |     3 |    10 |    93 |    54 ||   160

Table legend: (Time is in decaauts)
 A = Elapsed time spent in this place.
 B = Non-inter-level travel time spent in this place.
 C = Inter-level travel time spent in this place.
 D = Time resting spent in this place.
 E = Time spent auto-exploring this place.
 F = Levels seen in this place.
 G = Mean time per level.
                   A        B        C        D        E       F      G
               +--------+--------+--------+--------+--------+-----+--------+
         Total |  15101 |  14357 |    744 |   3253 |   8234 |  13 | 1161.6 |
       Dungeon |  11661 |  10917 |    744 |   1510 |   7666 |  10 | 1166.1 |
        Temple |     34 |     34 |      0 |      0 |     16 |   1 |   34.0 |
       Ossuary |    933 |    933 |      0 |    427 |    283 |   1 |  933.0 |
        Bailey |   2472 |   2472 |      0 |   1316 |    269 |   1 | 2472.0 |
               +--------+--------+--------+--------+--------+-----+--------+

Top non-repeatable levels by time:
  Bailey: 2472 daAuts
     D:4: 1968 daAuts
     D:2: 1413 daAuts
     D:5: 1346 daAuts
     D:7: 1305 daAuts
     D:3: 1236 daAuts
     D:8: 1222 daAuts
     D:6: 1112 daAuts
     D:1: 1062 daAuts
 Ossuary: 933 daAuts
     D:9: 922 daAuts
    D:10: 70 daAuts
  Temple: 34 daAuts
